 Dungeon Crawl Stone Soup version 0.17.1-1-g73c8601 (webtiles) character file.

1240 Arkorax the Skirmisher (level 8, -2/67 HPs)
             Began as a Mummy Gladiator on Dec 17, 2015.
             Was an Initiate of Gozag.
             Slain by an ogre
             ... wielding a +0 giant club
              (27 damage)
             ... on level 5 of the Dungeon.
             The game lasted 00:11:36 (5050 turns).

Arkorax the Skirmisher (Mummy Gladiator)            Turns: 5050, Time: 00:11:36

Health: -2/67      AC: 11    Str: 20    XL:     8   Next: 25%
Magic:  17/17      EV:  3    Int: 13    God:    Gozag
Gold:   479        SH:  0    Dex: 13    Spells: 0 memorised, 7 levels left

rFire  x . .     SeeInvis +     m - +1 dagger (elec)
rCold  + . .     Clarity  .     a - +2 chain mail of Inloewn {rPois MR- Int+6 Slay+2}
rNeg   + + +     SustAt   .     (no shield)
rPois  ∞         Gourm    .     c - +0 helmet
rElec  .         Spirit   .     (no cloak)
rCorr  .         Warding  .     (no gloves)
rMut   .         Stasis   .     (no boots)
MR     .....                    (no amulet)
Stlth  ..........               h - ring of see invisible
                                i - ring of magical power

@: not resistant to hostile enchantments, extremely unstealthy
A: no food or potions, fire vulnerability, cold resistance 1, negative energy
resistance 3, torment resistance, unbreathing
a: Potion Petition, Call Merchant, Bribe Branch, Renounce Religion


You were on level 5 of the Dungeon.
You worshipped Gozag.
Gozag was noncommittal.
You were not hungry.

You visited 1 branch of the dungeon, and saw 5 of its levels.
You also visited: Ossuary.

You collected 739 gold pieces.
You spent 247 gold pieces at shops.
You paid 13 gold pieces to Gozag.

Inventory:

Hand Weapons
 k - a +1 long sword of draining
 m - a +1 dagger of electrocution (weapon)
Missiles
 d - 3 throwing nets (quivered)
Armour
 a - the +2 chain mail of Inloewn (worn) {rPois MR- Int+6 Slay+2}
   (You bought it in a shop on level 4 of the Dungeon)

   It affects your intelligence (+6).
   It affects your accuracy and damage with ranged weapons and melee attacks
   (+2).
   It protects you from poison.
   It affects your resistance to hostile enchantments.
 c - a +0 helmet (worn)
Jewellery
 h - a ring of see invisible (right hand)
 i - a ring of magical power (left hand)
Scrolls
 b - 2 scrolls of enchant armour {unknown}
 e - 4 scrolls of recharging
 f - a scroll of teleportation {unknown}
 g - 5 scrolls of identify
 j - 2 scrolls of noise {unknown}
 l - 2 scrolls of remove curse {unknown}
 n - 2 scrolls of enchant weapon {unknown}
 o - a scroll of amnesia {unknown}
 p - a scroll of blinking {unknown}


   Skills:
 + Level 7.4 Fighting
 + Level 5.0 Long Blades
   Level 3.4 Maces & Flails
 - Level 1.5 Throwing
 - Level 2.4 Dodging


You had 7 spell levels left.
You didn't know any spells.

Dungeon Overview and Level Annotations

Branches:
Dungeon (5/15)
 Temple: D:4-7

Altars:
Dithmenos
Gozag
Nemelex Xobeh
Sif Muna
Trog
Vehumet
Xom
Zin
The Shining One

Shops:
D:4 *

Annotations:
D:4 exclusion: door
D:5 1 runed door


Innate Abilities, Weirdness & Mutations

You do not eat or drink.
Your flesh is vulnerable to fire.
You are immune to poison.
Your flesh is cold resistant.
You are immune to negative energy.
You are immune to unholy pain and torment.
You can survive without breathing.


Message History

You hit the orc priest.
The orc priest is heavily wounded.
The orc priest hits you but does no damage.
The orc hits you but does no damage.
You hit the orc priest.
The orc priest is severely wounded.
The orc priest hits you but does no damage.
You closely miss the orc priest.
The orc priest is severely wounded.
The orc hits you but does no damage. The ogre hits you with a giant club!
An orc opens the door.
The orc wizard mumbles some strange words.
The orc wizard blinks!
The orc priest looks braver for a moment.
The orc priest sings a few bars from the Orcish anthem.
The orc priest miscasts a cantrip.
There is a stone staircase leading up here.
The ogre hits you with a giant club!!
You die...
Your body crumbles into a pile of gold.

..# ####.....# ..# ....
#..#.....# ..#
.....#.(#.....####### ..#
.....#..#.....#.....+ ..#
.....##'#.....'.....# ..#
.........o....######## ..#
......o.............. ..#
+###..O.#####........ ..#
#..@.#...#........ ..+
#........'........
..#####+######..##'##.#.....###
................#...#.#######
................#...#..'...#
................#...#..#...#
................#####.######
####.....#+####.......##.#####
#.....#....#...#...#.......


You could see an ogre, an orc priest and an orc.

Vanquished Creatures
  2 ogres
  9 scorpions
  A human zombie (Ossuary)
  2 orc priests (D:3)
  2 centaur zombies (Ossuary)
  A hound (D:4)
  4 orc wizards (D:5)
  A worker ant (D:4)
  2 big kobold zombies (Ossuary)
  3 mummies (Ossuary)
  3 scorpion zombies (Ossuary)
  12 adders
  An ooze (D:3)
  7 worms
  4 orcs
  A ball python (D:3)
  3 giant cockroaches
  2 gnoll zombies (Ossuary)
  12 goblins
  7 hobgoblins
  16 jackals
  10 kobolds
  2 quokkas (D:2)
  4 bats
  4 giant geckos
  A giant gecko skeleton (D:4)
  5 giant newts
  A goblin zombie (Ossuary)
  A hobgoblin zombie (Ossuary)
  5 kobold zombies (Ossuary)
  2 orc zombies (Ossuary)
  7 rats
137 creatures vanquished.

Vanquished Creatures (others)
  A hobgoblin (D:2)
  A hobgoblin zombie (Ossuary)
2 creatures vanquished.

Grand Total: 139 creatures vanquished

Notes
Turn   | Place    | Note
--------------------------------------------------------------
     0 | D:1      | Arkorax the Mummy Gladiator began the quest for the Orb.
     0 | D:1      | Reached XP level 1. HP: 16/16 MP: 1/1
   130 | D:1      | Reached XP level 2. HP: 9/23 MP: 2/2
   729 | D:1      | Reached skill level 3 in Maces & Flails
   777 | D:1      | Reached XP level 3. HP: 24/28 MP: 3/3
  1308 | D:2      | Found a shimmering altar of Xom.
  1322 | D:2      | Found a bloodstained altar of Trog.
  1494 | D:2      | Reached XP level 4. HP: 13/35 MP: 4/4
  1709 | D:2      | Found a shadowy altar of Dithmenos.
  1709 | D:2      | Found a sparkling altar of Nemelex Xobeh.
  1710 | D:2      | Found a glowing golden altar of the Shining One.
  1713 | D:2      | Found a bloodstained altar of Trog.
  1714 | D:2      | Found an opulent altar of Gozag.
  1720 | D:2      | Became a worshipper of Gozag Ym Sagoz the Greedy
  1865 | D:2      | Found a radiant altar of Vehumet.
  2446 | D:3      | Reached skill level 4 in Fighting
  2508 | D:3      | Reached XP level 5. HP: 18/42 MP: 5/5
  2731 | D:3      | Reached skill level 1 in Long Blades
  3153 | D:3      | Reached XP level 6. HP: 43/50 MP: 6/6
  3434 | D:4      | Reached skill level 5 in Fighting
  3778 | D:4      | Found a deep blue altar of Sif Muna.
  3885 | D:4      | Found Bajecw's Assorted Antiques.
  3891 | D:4      | Bought a bloodstained chain mail for 247 gold pieces
  3901 | D:4      | Identified the +2 chain mail of Inloewn {rPois MR- Int+6 Slay+2} (You bought it in a shop on level 4 of the Dungeon)
  4034 | D:5      | Entered Level 5 of the Dungeon
  4103 | D:5      | Reached XP level 7. HP: 56/56 MP: 7/7
  4257 | D:5      | Reached skill level 6 in Fighting
  4323 | D:5      | Found a glowing silver altar of Zin.
  4323 | D:5      | Found a runed door.
  4323 | D:5      | Noticed an angel
  4360 | D:5      | Found a sand-covered staircase.
  4365 | Ossuary  | Entered an ossuary
  4713 | Ossuary  | Reached XP level 8. HP: 42/65 MP: 8/8
  4742 | Ossuary  | Reached skill level 7 in Fighting
  4790 | Ossuary  | Reached skill level 5 in Long Blades
  5050 | D:5      | Slain by an ogre

Action                   |  1- 3 |  4- 6 |  7- 9 || total
-------------------------+-------+-------+-------++-------
Melee: Flail             |   170 |    20 |       ||   190
       Long sword        |       |   167 |       ||   167
       Dagger            |       |     6 |   188 ||   194
Invok: Potion Petition   |       |       |     1 ||     1
  Use: Scroll            |       |     5 |       ||     5
 Stab: Distracted        |       |       |     2 ||     2
